TOP OF THE 1ST |
Vanderbilt Commodores batting - Pitching for Louisiana State Tigers : RHP Ron Simmons
|
Pitching: RHP Ron Simmons
|
|
Batting: LHB Micah Brantley
|
0-0: Ground out 4-3 (Groundball, 4M)
|
Batting: RHB Glen MacDonald
|
0-0: Ball 1-0: Ball 2-0: Ball 3-0: Base on Balls
|
Batting: RHB Denis Miller
|
0-0: Ball 1-0: 2-RUN HOME RUN (Line Drive, 78XD), Distance : 376 ft
|
Batting: RHB Josh Webb
|
0-0: Ball 1-0: Ball 2-0: SINGLE (Line Drive, 9S)
|
Batting: RHB Erik Carter
|
0-0: Foul Ball, location: 2F 0-1: Fly out, F9 (Flyball, 9LM)
|
Batting: RHB Joe Day
|
0-0: Ball 1-0: Ball 2-0: Ball 3-0: Base on Balls Josh Webb to second
|
Batting: LHB Shannon Hunter
|
0-0: Ball 1-0: Foul Ball, location: 2F 1-1: Ball 2-1: Fly out, F9 (Flyball, 89M)
|
Top of the 1st over - 2 run(s), 2 hit(s), 0 error(s), 2 left on base; Vanderbilt 2 - Louisiana State 0 |
BOTTOM OF THE 1ST |
Louisiana State Tigers batting - Pitching for Vanderbilt Commodores : RHP Javier Moreno
|
Pitching: RHP Javier Moreno
|
|
Batting: LHB Al Miller
|
0-0: Ball 1-0: Ground out 3-1 (Groundball, 34)
|
Batting: RHB José López
|
0-0: Called Strike 0-1: Swinging Strike 0-2: Ball 1-2: Ball 2-2: Foul Ball, location: 2F 2-2: Foul Ball, location: 2F 2-2: Strikes out looking
|
Batting: SHB Arturo Sánchez
|
0-0: Ball 1-0: Ground out 5-3 (Groundball, 56)
|
Bottom of the 1st over - 0 run(s), 0 hit(s), 0 error(s), 0 left on base; Vanderbilt 2 - Louisiana State 0 |
TOP OF THE 2ND |
Vanderbilt Commodores batting - Pitching for Louisiana State Tigers : RHP Ron Simmons
|
Batting: RHB Christian Bauer
|
0-0: Swinging Strike 0-1: Ball 1-1: Ball 2-1: Swinging Strike 2-2: Strikes out looking
|
Batting: RHB Timothy Foster
|
0-0: Ball 1-0: Foul Ball, location: 2F 1-1: Swinging Strike 1-2: Foul Ball, location: 2F 1-2: Ball 2-2: Foul Ball, location: 2F 2-2: Fly out, F8 (Flyball, 89S)
|
Batting: LHB Micah Brantley
|
0-0: Called Strike 0-1: Ball 1-1: Foul Ball, location: 2F 1-2: Ball 2-2: Strikes out swinging
|
Top of the 2nd over - 0 run(s), 0 hit(s), 0 error(s), 0 left on base; Vanderbilt 2 - Louisiana State 0 |
BOTTOM OF THE 2ND |
Louisiana State Tigers batting - Pitching for Vanderbilt Commodores : RHP Javier Moreno
|
Batting: RHB Jesús Sandoval
|
0-0: Foul Ball, location: 2F 0-1: Called Strike 0-2: Ball 1-2: Strikes out swinging
|
Batting: LHB Glenn Williamson
|
0-0: Called Strike 0-1: Ball 1-1: Ball 2-1: Ball 3-1: Called Strike 3-2: Base on Balls
|
Batting: RHB Artie Owen
|
0-0: Ball 1-0: Fly out, F3 (Popup, 4)
|
Batting: LHB Ronald Wallace
|
0-0: Ball 1-0: Ball 2-0: Ball 3-0: Base on Balls Glenn Williamson to second
|
Batting: RHB Ed Meyers
|
0-0: Called Strike 0-1: Swinging Strike 0-2: Ball 1-2: Foul Ball, location: 2F 1-2: Ball 2-2: Strikes out swinging
|
Bottom of the 2nd over - 0 run(s), 0 hit(s), 0 error(s), 2 left on base; Vanderbilt 2 - Louisiana State 0 |
TOP OF THE 3RD |
Vanderbilt Commodores batting - Pitching for Louisiana State Tigers : RHP Ron Simmons
|
Batting: RHB Glen MacDonald
|
0-0: SINGLE (Groundball, 4MD)
|
Batting: RHB Denis Miller
|
0-0: SINGLE (Line Drive, 8LS) Glen MacDonald to second Runner from 2nd tries for 3rd, SAFE, throw made to third Denis Miller to second
|
Batting: RHB Josh Webb
|
0-0: Ball 1-0: Called Strike 1-1: Ball 2-1: Swinging Strike 2-2: Foul Ball, location: 2F 2-2: Foul Ball, location: 2F 2-2: Strikes out swinging
|
Batting: RHB Erik Carter
|
0-0: Called Strike 0-1: Ball 1-1: Reached on error, E6 (Groundball, 6M) Glen MacDonald scores Denis Miller scores
|
Batting: RHB Joe Day
|
0-0: Ball 1-0: SINGLE (Groundball, 56D) Erik Carter to third Runner from 3rd tries for Home, SAFE, no throw or cutoff
|
Batting: LHB Shannon Hunter
|
0-0: Ball 1-0: Ball 2-0: Swinging Strike 2-1: Foul Ball, location: 2F 2-2: Ball 3-2: Base on Balls Joe Day to second
|
Batting: RHB Christian Bauer
|
0-0: Foul Ball, location: 2F 0-1: Ball 1-1: Foul Ball, location: 2F 1-2: Foul Ball, location: 2F 1-2: Strikes out swinging
|
Batting: RHB Timothy Foster
|
0-0: Called Strike 0-1: Ball 1-1: Ball 2-1: Fly out, F8 (Line Drive, 8RM)
|
Top of the 3rd over - 3 run(s), 3 hit(s), 1 error(s), 2 left on base; Vanderbilt 5 - Louisiana State 0 |
BOTTOM OF THE 3RD |
Louisiana State Tigers batting - Pitching for Vanderbilt Commodores : RHP Javier Moreno
|
Batting: RHB John Howell
|
0-0: Called Strike 0-1: Foul Ball, location: 2F 0-2: Strikes out swinging
|
Batting: LHB Al Miller
|
0-0: Ball 1-0: Ball 2-0: Swinging Strike 2-1: Ball 3-1: Base on Balls
|
Batting: RHB José López
|
0-0: Ball 1-0: Grounds into double play, 4-6-3 (Groundball, 4)
|
Bottom of the 3rd over - 0 run(s), 0 hit(s), 0 error(s), 0 left on base; Vanderbilt 5 - Louisiana State 0 |
TOP OF THE 4TH |
Vanderbilt Commodores batting - Pitching for Louisiana State Tigers : RHP Ron Simmons
|
Batting: LHB Micah Brantley
|
0-0: Fly out, F8 (Flyball, 8RM)
|
Batting: RHB Glen MacDonald
|
0-0: Ball 1-0: Ball 2-0: Fly out, F7 (Line Drive, 7LM)
|
Batting: RHB Denis Miller
|
0-0: Called Strike 0-1: Ball 1-1: Ball 2-1: Ball 3-1: Foul Ball, location: 2F 3-2: Ground out 5-3 (Groundball, 56S)
|
Top of the 4th over - 0 run(s), 0 hit(s), 0 error(s), 0 left on base; Vanderbilt 5 - Louisiana State 0 |
BOTTOM OF THE 4TH |
Louisiana State Tigers batting - Pitching for Vanderbilt Commodores : RHP Javier Moreno
|
Batting: SHB Arturo Sánchez
|
0-0: Ball 1-0: Called Strike 1-1: Ground out 4-3 (Groundball, 4)
|
Batting: RHB Jesús Sandoval
|
0-0: Called Strike 0-1: Fly out, F8 (Flyball, 8LXD)
|
Batting: LHB Glenn Williamson
|
0-0: Ball 1-0: Ball 2-0: Ground out 4-3 (Groundball, 4)
|
Bottom of the 4th over - 0 run(s), 0 hit(s), 0 error(s), 0 left on base; Vanderbilt 5 - Louisiana State 0 |
TOP OF THE 5TH |
Vanderbilt Commodores batting - Pitching for Louisiana State Tigers : RHP Ron Simmons
|
Batting: RHB Josh Webb
|
0-0: Swinging Strike 0-1: Ball 1-1: Foul Ball, location: 2F 1-2: Strikes out swinging
|
Pitching: RHP Steve Henry
|
|
Batting: RHB Erik Carter
|
0-0: Ball 1-0: Called Strike 1-1: Foul Ball, location: 2F 1-2: Strikes out swinging
|
Batting: RHB Joe Day
|
0-0: Reached on error, E5 (Groundball, 56)
|
Batting: LHB Shannon Hunter
|
0-0: SINGLE (Groundball, 34S) Joe Day to second Runner from 2nd tries for 3rd, SAFE, throw made to third
|
Batting: RHB Christian Bauer
|
0-0: Called Strike 0-1: Ball 1-1: Foul Ball, location: 2F 1-2: Ball 2-2: Ball 3-2: Strikes out swinging
|
Top of the 5th over - 0 run(s), 1 hit(s), 1 error(s), 2 left on base; Vanderbilt 5 - Louisiana State 0 |
BOTTOM OF THE 5TH |
Louisiana State Tigers batting - Pitching for Vanderbilt Commodores : RHP Javier Moreno
|
Batting: RHB Artie Owen
|
0-0: Called Strike 0-1: Ball 1-1: Ball 2-1: Called Strike 2-2: Hit by Pitch
|
Batting: LHB Ronald Wallace
|
0-0: Ball 1-0: Ball 2-0: SINGLE (Groundball, 34D) Artie Owen to second
|
Batting: RHB Ed Meyers
|
0-0: Called Strike 0-1: Foul Ball, location: 2F 0-2: Ball 1-2: Fly out, F5 (Line Drive, 5S)
|
Batting: RHB John Howell
|
0-0: Called Strike 0-1: Ball 1-1: Ball 2-1: Foul Ball, location: 2F 2-2: Fly out, F9 (Flyball, 9M)
|
Batting: LHB Al Miller
|
0-0: Called Strike 0-1: Called Strike 0-2: Strikes out looking
|
Bottom of the 5th over - 0 run(s), 1 hit(s), 0 error(s), 2 left on base; Vanderbilt 5 - Louisiana State 0 |
TOP OF THE 6TH |
Vanderbilt Commodores batting - Pitching for Louisiana State Tigers : RHP Steve Henry
|
Batting: RHB Timothy Foster
|
0-0: Fly out, F8 (Flyball, 8RM)
|
Batting: LHB Micah Brantley
|
0-0: Ball 1-0: Swinging Strike 1-1: Foul Ball, location: 2F 1-2: Strikes out swinging
|
Batting: RHB Glen MacDonald
|
0-0: Ball 1-0: Ball 2-0: Called Strike 2-1: Ball 3-1: Swinging Strike 3-2: Strikes out swinging
|
Top of the 6th over - 0 run(s), 0 hit(s), 0 error(s), 0 left on base; Vanderbilt 5 - Louisiana State 0 |
BOTTOM OF THE 6TH |
Louisiana State Tigers batting - Pitching for Vanderbilt Commodores : RHP Javier Moreno
|
Batting: RHB José López
|
0-0: Called Strike 0-1: Fly out, F3 (Popup, 3S)
|
Batting: SHB Arturo Sánchez
|
0-0: Ball 1-0: Ball 2-0: Ball 3-0: Base on Balls
|
Batting: RHB Jesús Sandoval
|
0-0: Ball 1-0: Called Strike 1-1: SINGLE (Line Drive, 4MD) Arturo Sánchez to second
|
Pitching: RHP Raúl García
|
|
Batting: LHB Glenn Williamson
|
0-0: Ball 1-0: Called Strike 1-1: Swinging Strike 1-2: Ball 2-2: Foul Ball, location: 2F 2-2: Ball 3-2: Fly out, F8 (Flyball, 8RM)
|
Batting: RHB Artie Owen
|
0-0: Foul Ball, location: 2F 0-1: Swinging Strike 0-2: Ball 1-2: Foul Ball, location: 2F 1-2: Strikes out looking
|
Bottom of the 6th over - 0 run(s), 1 hit(s), 0 error(s), 2 left on base; Vanderbilt 5 - Louisiana State 0 |
TOP OF THE 7TH |
Vanderbilt Commodores batting - Pitching for Louisiana State Tigers : RHP Steve Henry
|
Batting: RHB Denis Miller
|
0-0: Ball 1-0: Ball 2-0: Ball 3-0: Base on Balls
|
Batting: RHB Josh Webb
|
0-0: Called Strike Pickoff Throw to First - Out! 0-1: Ball 1-1: Ball 2-1: Fly out, F9 (Flyball, 89M)
|
Batting: RHB Erik Carter
|
0-0: Ball 1-0: Called Strike 1-1: Ball 2-1: Swinging Strike 2-2: Ball 3-2: Foul Ball, location: 2F 3-2: Foul Ball, location: 2F 3-2: Base on Balls
|
Batting: RHB Joe Day
|
0-0: Ball 1-0: Ball 2-0: Foul Ball, location: 2F 2-1: Ball Erik Carter steals 2nd base 3-1: Called Strike 3-2: Strikes out swinging
|
Top of the 7th over - 0 run(s), 0 hit(s), 0 error(s), 1 left on base; Vanderbilt 5 - Louisiana State 0 |
BOTTOM OF THE 7TH |
Louisiana State Tigers batting - Pitching for Vanderbilt Commodores : RHP Raúl García
|
Batting: LHB Ronald Wallace
|
0-0: Fly out, F7 (Flyball, 78M)
|
Batting: RHB Ed Meyers
|
0-0: Ball 1-0: Ball 2-0: Called Strike 2-1: Ball 3-1: SINGLE (Line Drive, 78S)
|
Batting: RHB John Howell
|
0-0: Ball 1-0: Ball 2-0: Swinging Strike 2-1: Foul Ball, location: 2F 2-2: Ball 3-2: Base on Balls Ed Meyers to second
|
Batting: LHB Al Miller
|
0-0: Ball 1-0: Ball 2-0: Ball 3-0: Called Strike 3-1: Fly out, F7 (Line Drive, 78M)
|
Batting: RHB José López
|
0-0: Foul Ball, location: 2F 0-1: Ball 1-1: Swinging Strike 1-2: Strikes out looking
|
Bottom of the 7th over - 0 run(s), 1 hit(s), 0 error(s), 2 left on base; Vanderbilt 5 - Louisiana State 0 |
TOP OF THE 8TH |
Vanderbilt Commodores batting - Pitching for Louisiana State Tigers : RHP Steve Henry
|
Pitching: LHP Augusto García
|
|
Batting: LHB Shannon Hunter
|
0-0: Hit by Pitch
|
Batting: RHB Christian Bauer
|
0-0: Ball 1-0: Bunted foul 1-1: Bunt missed! 1-2: Ball 2-2: Ball 3-2: Strikes out swinging
|
Batting: RHB Timothy Foster
|
0-0: Called Strike 0-1: DOUBLE (Line Drive, 9LS) Shannon Hunter to third
|
Batting: LHB Micah Brantley
|
0-0: Ball 1-0: Ball 2-0: Ball 3-0: Fly out, F9 (Flyball, 9M)
|
Batting: RHB Glen MacDonald
|
0-0: Called Strike 0-1: Ball 1-1: Ball 2-1: Called Strike 2-2: Ball 3-2: Base on Balls
|
Batting: RHB Denis Miller
|
0-0: Ball 1-0: Ball 2-0: Foul Ball, location: 2F 2-1: Fly out, F9 (Flyball, 9M)
|
Top of the 8th over - 0 run(s), 1 hit(s), 0 error(s), 3 left on base; Vanderbilt 5 - Louisiana State 0 |
BOTTOM OF THE 8TH |
Louisiana State Tigers batting - Pitching for Vanderbilt Commodores : RHP Raúl García
|
Now in LF: Fred Noble
|
|
Batting: SHB Arturo Sánchez
|
0-0: Fly out, F8 (Flyball, 8LS)
|
Pitching: RHP Dylan Hamilton
|
|
Batting: RHB Jesús Sandoval
|
0-0: Swinging Strike 0-1: Called Strike 0-2: Ball 1-2: Foul Ball, location: 2F 1-2: Strikes out swinging
|
Batting: LHB Glenn Williamson
|
0-0: Swinging Strike 0-1: Ball 1-1: SINGLE (Line Drive, 34D)
|
Batting: RHB Artie Owen
|
0-0: Ball 1-0: Foul Ball, location: 2F 1-1: Foul Ball, location: 2F 1-2: Foul Ball, location: 2F 1-2: Foul Ball, location: 2F 1-2: Ball 2-2: Foul Ball, location: 2F 2-2: Ball 3-2: SINGLE (Line Drive, 6MD) Glenn Williamson to second Glenn Williamson to third
|
Batting: LHB Ronald Wallace
|
0-0: Ball 1-0: Ball 2-0: Ball 3-0: Called Strike 3-1: Fly out, F8 (Flyball, 78M)
|
Bottom of the 8th over - 0 run(s), 2 hit(s), 0 error(s), 2 left on base; Vanderbilt 5 - Louisiana State 0 |
TOP OF THE 9TH |
Vanderbilt Commodores batting - Pitching for Louisiana State Tigers : LHP Augusto García
|
Batting: RHB Josh Webb
|
0-0: Ball 1-0: Called Strike 1-1: Foul Ball, location: 2F 1-2: Hit by Pitch
|
Batting: RHB Erik Carter
|
0-0: Ball 1-0: SINGLE (Flyball, 89M) Josh Webb to second
|
Batting: RHB Joe Day
|
0-0: Foul Ball, location: 2F 0-1: Ball 1-1: Called Strike 1-2: Ball 2-2: SINGLE (Line Drive, 6MD) Josh Webb to third Erik Carter to second
|
Batting: LHB Shannon Hunter
|
0-0: Ball 1-0: Ball 2-0: SINGLE (Line Drive, 89M) Josh Webb scores Erik Carter to third Joe Day to second Runner from 3rd tries for Home, throw and OUT!
|
Batting: RHB Christian Bauer
|
0-0: Ball 1-0: Ball 2-0: Foul Ball, location: 2F 2-1: Ball 3-1: Foul Ball, location: 2F 3-2: Base on Balls Joe Day to third Shannon Hunter to second
|
Batting: RHB Timothy Foster
|
0-0: Ball 1-0: Ball 2-0: Foul Ball, location: 2F 2-1: Swinging Strike 2-2: Foul Ball, location: 2F 2-2: Strikes out swinging
|
Batting: LHB Micah Brantley
|
0-0: Ball 1-0: SINGLE (Flyball, 8RS) Joe Day scores Shannon Hunter to third Christian Bauer to second Runner from 3rd tries for Home, throw and OUT!
|
Top of the 9th over - 2 run(s), 4 hit(s), 0 error(s), 2 left on base; Vanderbilt 7 - Louisiana State 0 |
BOTTOM OF THE 9TH |
Louisiana State Tigers batting - Pitching for Vanderbilt Commodores : RHP Dylan Hamilton
|
Batting: RHB Ed Meyers
|
0-0: Ball 1-0: Ground out 6-3 (Groundball, 6)
|
Batting: RHB John Howell
|
0-0: Called Strike 0-1: Swinging Strike 0-2: Foul Ball, location: 2F 0-2: Ball 1-2: Ball 2-2: Foul Ball, location: 2F 2-2: Foul Ball, location: 2F 2-2: Foul Ball, location: 2F 2-2: Ball 3-2: Foul Ball, location: 2F 3-2: Strikes out looking
|
Batting: LHB Al Miller
|
0-0: Called Strike 0-1: Ball 1-1: Foul Ball, location: 2F 1-2: Foul Ball, location: 2F 1-2: Foul Ball, location: 2F 1-2: Foul Ball, location: 2F 1-2: Foul Ball, location: 2F 1-2: Ball 2-2: Foul Ball, location: 2F 2-2: Ball 3-2: Foul Ball, location: 2F 3-2: Foul Ball, location: 2F 3-2: Strikes out looking
|
Bottom of the 9th over - 0 run(s), 0 hit(s), 0 error(s), 0 left on base; Vanderbilt 7 - Louisiana State 0 |
|